 Dungeon Crawl Stone Soup version bcrawl-1.23.3-19-gdc5968f444 (webtiles) character file.

Game seed: 8806197826933619952

70 pasperui the Ducker (level 4, -1/41 HPs)
             Began as a Gnoll Reaver on June 6, 2020.
             Was a Follower of Vehumet.
             Slain by an ogre
             ... wielding a +0 giant club
              (25 damage)
             ... on level 3 of the Dungeon.
             The game lasted 00:03:57 (2032 turns).

pasperui the Ducker (Gnoll Reaver)                  Turns: 2032, Time: 00:03:58

Health: -1/41      AC:  5    Str: 13    XL:     4   Next: 22%
Magic:  11/11      EV: 16    Int: 16    God:    Vehumet [*.....]
Gold:   156        SH:  2    Dex: 15    Spells: 11/13 levels left

rFire    . . .     SeeInvis .   a - +0 long sword
rCold    . . .     Gourm    .   (no shield)
rNeg     . . .     Faith    .   b - +0 steam dragon scales
rPois    .         Spirit   .   (no helmet)
rElec    .         Reflect  .   (no cloak)
rCorr    +         Harm     .   (no gloves)
MR       .....                  (no boots)
Stlth    ++........             (no amulet)
HPRegen  0.13/turn              o - ring of resist corrosion
MPRegen  0.12/turn              (no ring)

@: hasted, very quick
A: distributed training, fangs 1, strong nose
a: Renounce Religion


You were on level 3 of the Dungeon.
You worshipped Vehumet.
Vehumet was aware of your devotion.
You were hungry.

You visited 1 branch of the dungeon, and saw 3 of its levels.

You collected 156 gold pieces.

Inventory:

Hand Weapons
 a - a +0 long sword (weapon)
Missiles
 j - 510 stones (quivered)
 l - 98 poisoned needles
 n - 149 javelins
 q - 62 bolts
Armour
 b - +0 steam dragon scales (worn)
Jewellery
 o - a ring of resist corrosion (left hand)
Scrolls
 d - 2 scrolls of immolation
 f - 3 scrolls of teleportation {unknown}
 g - a scroll of amnesia {unknown}
 i - 6 scrolls of identify {unknown}
 p - a scroll of fog {unknown}
 r - a scroll of blinking {unknown}
 t - 2 scrolls of enchant weapon {unknown}
Potions
 k - a potion of heal wounds {unknown}
 m - a potion of flight {unknown}
 s - a potion of curing {unknown}
 u - 2 potions of agility {unknown}
 v - a potion of ambrosia {unknown}
 w - a potion of might {unknown}
Comestibles
 e - 11 rations {!d}
 h - 4 chunks of flesh


   Skills:
 + Level 6.6 Fighting
 + Level 1.0 Short Blades
 + Level 6.6 Long Blades
 + Level 1.0 Axes
 + Level 1.0 Maces & Flails
 + Level 1.0 Polearms
 + Level 1.0 Staves
 + Level 1.0 Slings
 + Level 1.0 Bows
 + Level 1.0 Crossbows
 + Level 1.0 Throwing
 + Level 1.0 Armour
 + Level 6.6 Dodging
 + Level 1.0 Stealth
 + Level 1.0 Shields
 + Level 1.0 Unarmed Combat
 + Level 5.0 Spellcasting
 + Level 0.8 Conjurations
 + Level 0.8 Hexes
 + Level 0.8 Charms
 + Level 0.8 Summonings
 + Level 0.8 Necromancy
 + Level 0.8 Translocations
 + Level 0.8 Transmutations
 + Level 0.8 Fire Magic
 + Level 0.8 Ice Magic
 + Level 0.8 Air Magic
 + Level 0.8 Earth Magic
 + Level 0.8 Poison Magic
 + Level 1.1 Invocations
 + Level 1.0 Evocations


You had 11 spell levels left.
You knew the following spells:

 Your Spells              Type           Power        Failure   Level  Hunger
a - Flame Tongue          Conj/Fire      #....        3%          1    None
b - Sandblast             Erth           #.....       3%          1    None

Your spell library contained the following spells:

 Spells                   Type           Power        Failure   Level  Hunger
 Iskenderun's Battlesphe  Conj/Chrm      #.......     56%         5    ######.


Dungeon Overview and Level Annotations

Branches:
Dungeon (3/12)

Altars:
Zin


Innate Abilities, Weirdness & Mutations

Your experience applies equally to all skills.
You have very sharp teeth.
Your uncanny sense of smell can sniff out nearby items.


Message History

You finish memorising.
Spell assigned to 'b'.
Unknown command.
A hound and an orc come into view.
You are feeling hungry.
Found a ration and a scroll labeled DIOLONK VARYL.
Found a stone staircase leading down.
An ogre comes into view. It is wielding a +0 giant club.
You have encountered a dangerous foe!
The ogre shouts!
The orc shouts!
The hound barks!
The ogre misses you.
The hound pauses to sniff the ground.
You feel yourself speed up.
The ogre hits you with a +0 giant club!!
You hit the ogre.
The ogre is lightly wounded.
You hit the ogre but do no damage.
The ogre is lightly wounded.
The ogre hits you with a +0 giant club!!
Ouch! That really hurt!
You die...

∆ ∆ #### .# .. ..# .# ###
#.# #.# .# .÷# #.# #.## .#
#.## #.# ##..#######.#
#..###.# #......@Oh#.#
##..##.# #.###.###.#.######
##.##.###.# #.# #.o....>.#
#.....##÷###+# #.?....%.#
######<....###_+..........#
...........###+###..o.....#
########...# #........#
###.# #........# #...
...?.....#


You could see an ogre, a hound and an orc.

Vanquished Creatures
  An adder (D:2)
  An ooze (D:1)
  A worm (D:1)
  2 dart slugs
  3 leopard geckos
  2 giant cockroaches
  6 hobgoblins
  2 quokkas (D:2)
  A ball python (D:3)
  8 bats
  2 frilled lizards (D:2)
  6 goblins
  6 kobolds
  7 rats
48 creatures vanquished.

Notes
Turn   | Place    | Note
-------+----------+-------------------------------------------
     0 | D:1      | pasperui the Gnoll Reaver began the quest for the Orb.
     0 | D:1      | Reached XP level 1. HP: 23/23 MP: 6/6
   256 | D:1      | Reached XP level 2. HP: 29/29 MP: 7/7
   472 | D:1      | Reached * piety under Vehumet
   472 | D:1      | Offered knowledge of Flame Tongue by Vehumet.
   475 | D:1      | Learned a level 1 spell: Flame Tongue
   520 | D:1      | Reached XP level 3. HP: 30/35 MP: 9/9
   544 | D:1      | Reached skill level 5 in Spellcasting
  1043 | D:2      | Reached skill level 1 in Invocations
  1437 | D:2      | Found a faded altar of an unknown god.
  1478 | D:2      | Reached skill level 1 in Short Blades
  1478 | D:2      | Reached skill level 1 in Axes
  1478 | D:2      | Reached skill level 1 in Maces & Flails
  1478 | D:2      | Reached skill level 1 in Polearms
  1478 | D:2      | Reached skill level 1 in Staves
  1478 | D:2      | Reached skill level 1 in Slings
  1478 | D:2      | Reached skill level 1 in Bows
  1478 | D:2      | Reached skill level 1 in Crossbows
  1478 | D:2      | Reached skill level 1 in Throwing
  1478 | D:2      | Reached skill level 1 in Armour
  1478 | D:2      | Reached skill level 1 in Stealth
  1478 | D:2      | Reached skill level 1 in Shields
  1478 | D:2      | Reached skill level 1 in Unarmed Combat
  1478 | D:2      | Reached skill level 1 in Evocations
  1523 | D:2      | Reached XP level 4. HP: 41/41 MP: 11/11
  2005 | D:3      | Found a glowing silver altar of Zin.
  2010 | D:3      | Offered knowledge of Sandblast by Vehumet.
  2016 | D:3      | Learned a level 1 spell: Sandblast
  2026 | D:3      | Noticed an ogre
  2032 | D:3      | Slain by an ogre

Skill      XL: |  1  2  3 |
---------------+----------+-----
Spellcasting   | 5 |  5.0
Invocations    | 1 |  1.1
Short Blades   | 1 |  1.0
Axes           | 1 |  1.0
Maces & Flails | 1 |  1.0
Polearms       | 1 |  1.0
Staves         | 1 |  1.0
Slings         | 1 |  1.0
Bows           | 1 |  1.0
Crossbows      | 1 |  1.0
Throwing       | 1 |  1.0
Armour         | 1 |  1.0
Stealth        | 1 |  1.0
Shields        | 1 |  1.0
Unarmed Combat | 1 |  1.0
Evocations     | 1 |  1.0
Fighting       | |  6.6
Long Blades    | |  6.6
Dodging        | |  6.6
Conjurations   | |  0.8
Hexes          | |  0.8
Charms         | |  0.8
Summonings     | |  0.8
Necromancy     | |  0.8
Translocations | |  0.8
Transmutations | |  0.8
Fire Magic     | |  0.8
Ice Magic      | |  0.8
Air Magic      | |  0.8
Earth Magic    | |  0.8
Poison Magic   | |  0.8

Action                   |  1- 3 |  4- 6 || total
-------------------------+-------+-------++-------
Melee: Long sword        |    96 |    17 ||   113
       Bite              |     3 |     1 ||     4
  Use: Potion            |       |     1 ||     1
 Stab: Sleeping          |     4 |       ||     4
  Eat: Chunk             |     2 |     1 ||     3
Armor: Steam dragon scal |    17 |    10 ||    27
Dodge: Dodged            |    65 |    12 ||    77
Block: Other             |     3 |     3 ||     6
